 Dungeon Crawl Stone Soup version 0.28-a0-655-g4eb62b627b (webtiles) character file.

Game seed: 4069404984394865035

2452 kae the Cleaver (level 9, 0/82 HPs)
             Began as a Hill Orc Fighter on Oct 12, 2021.
             Slain by an unseen horror (7 damage)
             ... on level 6 of the Dungeon.
             The game lasted 00:07:38 (8218 turns).

kae the Cleaver (Hill Orc Fighter)                  Turns: 8218, Time: 00:07:38

Health: 0/82       AC: 10    Str: 22    XL:     9   Next: 50%
Magic:  9/9        EV:  9    Int:  8    God:
Gold:   154        SH:  5    Dex: 16    Spells: 8/8 levels left

rFire   . . .      SeeInvis .   a - +1 war axe
rCold   . . .      Faith    .   c - +0 buckler
rNeg    . . .      Spirit   .   b - +0 scale mail
rPois   +          Reflect  .   (no helmet)
rElec   .          Harm     .   (no cloak)
rCorr   .          Rampage  .   (no gloves)
Will    +....                   f - +1 pair of boots
Stlth   ..........              (no amulet)
HPRegen 0.23/turn               k - +6 ring of dexterity
MPRegen 0.11/turn               p - ring of Baitzepi {rPois Will+}

@: no status effects
A: no striking features
a: no special abilities


You were on level 6 of the Dungeon.
You visited 1 branch of the dungeon, and saw 6 of its levels.

You collected 270 gold pieces.
You spent 116 gold pieces at shops.

Inventory:

Hand Weapons
 a - a +1 war axe (weapon)
Missiles
 q - 2 throwing nets (quivered)
Armour
 b - a +0 scale mail (worn)
 c - a +0 buckler (worn)
 f - a +1 pair of boots (worn)
Jewellery
 k - a +6 ring of dexterity (left hand)
 p - the ring of Baitzepi (right hand) {rPois Will+}
   (You acquired it on level 4 of the Dungeon)

   [ring of willpower]

   rPois:     It protects you from poison.
   Will:      It increases your willpower.
 s - a ring of ice
 t - a ring of willpower
Wands
 l - a wand of iceblast (3)
Potions
 d - 2 potions of might
 e - 2 potions of degeneration
 g - a potion of haste
 h - 2 potions of magic
 i - a potion of attraction
 j - a potion of brilliance
 m - 3 potions of curing
 n - 2 potions of lignification
 o - a potion of mutation {unknown}


   Skills:
 + Level 8.3 Fighting
 * Level 11.8 Axes
 + Level 7.6 Armour
 - Level 3.2 Shields


You had 8 spell levels left.
You didn't know any spells.
Your spell library contained the following spells:

 Spells                   Type           Power      Damage    Failure   Level
 Apportation              Tloc           0%         N/A       73%         1
 Sublimation of Blood     Necr           0%         N/A       86%         2
 Petrify                  Tmut/Erth      0%         N/A       100%        4
 Alistair's Intoxication  Tmut/Pois      0%         N/A       100%        5
 Irradiate                Conj/Tmut      0%         3d14      100%        5
 Invisibility             Hex            0%         N/A       100%        6


Dungeon Overview and Level Annotations

Branches:
Dungeon (6/15)
 Temple: D:4-7

Altars:
Vehumet
Xom
Zin

Shops:
D:1 !   D:5 *


Message History

Something hits you but does no damage. Something hits you.
Something hits you but does no damage.
You hit something. Something hits you.
You swing at nothing.
You barely miss something. Something hits you!
Something hits you but does no damage.
You miss something. Something hits you but does no damage.
You slash something! Something hits you but does no damage.
You swing at nothing.
Something hits you but does no damage.
You swing at nothing.
Something hits you.
You swing at nothing.
Something hits you but does no damage. x2
You barely miss something. Something hits you but does no damage.
You swing at nothing.
You hit something but do no damage.
Something hits you but does no damage. x2
You miss something. Something hits you.
Your scale mail prevents you from hitting something.
Something hits you but does no damage.
You swing at nothing.
Something hits you!
You barely miss something. Something hits you but does no damage.
You swing at nothing.
You hit something. You block something's attack. Something hits you!
You miss something. Something hits you.
You swing at nothing.
Something hits you.
* * * LOW HITPOINT WARNING * * *
You slash something! Something hits you but does no damage.
You swing at nothing.
Something hits you.
* * * LOW HITPOINT WARNING * * *
You completely miss something. Something hits you but does no damage.
You swing at nothing.
Something hits you!
* * * LOW HITPOINT WARNING * * *
You barely miss something. Something hits you.
* * * LOW HITPOINT WARNING * * *
Something hits you but does no damage.
You swing at nothing.
Something hits you.
* * * LOW HITPOINT WARNING * * *
You swing at nothing.
Something hits you.
* * * LOW HITPOINT WARNING * * *
You slash something! Something hits you!
You die...

#..... #..# #....
#..#### #....##
#.....##
###.....#####.#....#
#...............####
....#..<......### .#
#.............# ###..#
#.#...........###....#
#...#...........@.#
#.. #.........#####
..#####.#...###
..#.(...<...##
§...#.###.#..##
..†##......#..####
...#####..........
...# ###÷.......
.....# #........


There were no monsters in sight!

Vanquished Creatures
  Pikel (D:4)
  Grinder (D:5)
  Edmund (D:5)
  Menkaure (D:5)
  A water moccasin (D:5)
  A necrophage (D:4)
  A centaur (D:6)
  2 ogres
  A phantom (D:6)
  A scorpion (D:6)
  A wyvern skeleton (D:5)
  2 howler monkeys
  A bullfrog zombie (D:5)
  A centaur zombie (D:5)
  6 hounds
  An orc priest (D:5)
  2 gnoll shamans
  A jelly (D:5)
  A bullfrog skeleton (D:6)
  Ijyb (D:4)
  An iguana (D:6)
  An orc wizard (D:5)
  A centaur skeleton (D:5)
  A killer bee zombie (D:5)
  19 gnolls
  3 adders
  A white imp (D:5)
  An adder skeleton (D:4)
  A worm (D:2)
  3 dart slugs
  9 orcs
  10 ball pythons
  6 endoplasms
  4 giant cockroaches
  A hobgoblin (D:1)
  4 jackals (D:4)
  8 kobolds
  2 quokkas (D:1)
  3 bats
  10 goblins
  12 rats
129 creatures vanquished.

Notes
Turn   | Place    | Note
-------+----------+-------------------------------------------
     0 | D:1      | kae the Hill Orc Fighter began the quest for the Orb.
     0 | D:1      | Reached XP level 1. HP: 19/19 MP: 1/1
   321 | D:1      | Reached skill level 3 in Axes
   551 | D:1      | Reached XP level 2. HP: 23/27 MP: 2/2
   718 | D:1      | Found Juupte's Distillery.
  1063 | D:1      | Reached XP level 3. HP: 29/33 MP: 3/3
  1632 | D:1      | Reached skill level 4 in Axes
  1811 | D:2      | Reached XP level 4. HP: 16/40 MP: 4/4
  2051 | D:2      | Found a radiant altar of Vehumet.
  2891 | D:1      | Bought a potion of heal wounds for 55 gold pieces
  2891 | D:1      | Bought a potion of curing for 33 gold pieces
  3465 | D:4      | Reached skill level 5 in Axes
  3487 | D:4      | Reached XP level 5. HP: 37/47 MP: 5/5
  4025 | D:4      | Noticed Ijyb
  4030 | D:4      | Killed Ijyb
  4031 | D:4      | Reached skill level 5 in Fighting
  4031 | D:4      | Reached XP level 6. HP: 56/56 MP: 6/6
  4051 | D:4      | Found a glowing silver altar of Zin.
  4068 | D:4      | Noticed a necrophage
  4078 | D:4      | Reached skill level 6 in Axes
  4089 | D:4      | Killed a necrophage
  4448 | D:4      | Reached skill level 5 in Armour
  4506 | D:4      | Reached skill level 7 in Axes
  4506 | D:4      | Reached XP level 7. HP: 52/61 MP: 7/7
  4670 | D:4      | Noticed Pikel
  4687 | D:4      | Killed Pikel
  4688 | D:4      | Reached skill level 8 in Axes
  4688 | D:4      | Reached XP level 8. HP: 39/71 MP: 8/8
  5226 | D:4      | Identified a scroll of acquirement
  5226 | D:4      | Acquired the ring of Baitzepi {rPois Will+}
  5247 | D:5      | Entered Level 5 of the Dungeon
  5401 | D:5      | Noticed Edmund
  5424 | D:5      | Killed Edmund
  5425 | D:5      | Reached skill level 9 in Axes
  5737 | D:5      | Noticed Grinder
  5749 | D:5      | Killed Grinder
  6011 | D:5      | Reached skill level 10 in Axes
  6706 | D:5      | Noticed Menkaure
  6968 | D:5      | Reached XP level 9. HP: 72/79 MP: 9/9
  7051 | D:5      | Found a shimmering altar of Xom.
  7089 | D:5      | Killed Menkaure
  7331 | D:5      | Found Ceily's General Store.
  7334 | D:5      | Bought a scroll of identify for 28 gold pieces
  7393 | D:6      | Reached skill level 11 in Axes
  8218 | D:6      | Slain by an unseen horror

Illustrated notes

Levels and vault maps discovered:
D:1:      dpeg_arrival_brainrot, layout_basic, serial_shops, shop
D:2:      layout_loops_ring, basic_altar, minmay_rat_gold_closets
D:3:      layout_basic
D:4:      layout_loops_corners, zin_statuary, chequers_serial_rivers_micro_b,
          uniq_ijyb, uniq_pikel
D:5:      layout_loops_corners, xom_teletrap_fun, serial_shops,
          nicolae_shop_behind_doors, minmay_diced_spiral, uniq_edmund,
          uniq_grinder, uniq_menkaure
D:6:      layout_rooms, lightli_temple_of_fire

Skill      XL: |  1  2  3  4  5  6  7  8  9 |
---------------+----------------------------+-----
Axes           | 3 4 5 7 8 10 11 | 11.8
Fighting       | 4 5 6 7 8 |  8.3
Armour         | 4 5 6 7 |  7.6
Shields        | |  3.2

Action                   |  1- 3 |  4- 6 |  7- 9 || total
-------------------------+-------+-------+-------++-------
Melee: War axe           |    91 |   178 |   239 ||   508
  Use: Scroll            |     1 |     2 |     8 ||    11
       Potion            |       |     1 |     1 ||     2
Armor: Scale mail        |    38 |    67 |    96 ||   201
Dodge: Dodged            |    39 |    69 |    94 ||   202
Block: Buckler           |    22 |    38 |    40 ||   100

Table legend: (Time is in decaauts)
 A = Elapsed time spent in this place.
 B = Non-inter-level travel time spent in this place.
 C = Inter-level travel time spent in this place.
 D = Time resting spent in this place.
 E = Time spent auto-exploring this place.
 F = Levels seen in this place.
 G = Mean time per level.
                   A        B        C        D        E       F      G
               +--------+--------+--------+--------+--------+-----+--------+
         Total |   8303 |   8029 |    274 |   1569 |   5361 |   6 | 1383.8 |
       Dungeon |   8303 |   8029 |    274 |   1569 |   5361 |   6 | 1383.8 |
               +--------+--------+--------+--------+--------+-----+--------+

Top non-repeatable levels by time:
     D:5: 2605 daAuts
     D:1: 1864 daAuts
     D:4: 1582 daAuts
     D:2: 1104 daAuts
     D:3: 778 daAuts
     D:6: 368 daAuts
